AoeStats
← Waldo Magnum

Arabia

510253059Analyzed
2v2 RM · 7h ago on Sep 30, 2026· 64m 26s· 4 players
Game mode
Random Map
Map size
Medium (4 player)
Population
200
Speed
Normal
Resources
Standard
Victory
Conquest
Starting age
Dark Age
Ending age
Imperial Age
RankedLock teamsTeams togetherTeam positionsShared explorationLock speedFull tech treeHidden civsTurbo modeCheats
Victory
Defeat
🇨🇱 Vietnamese · Chile
967
+14
🇨🇱 Inca · Chile
967
+14
🇵🇪 Hindustanis · Peru
1023
-18
🇵🇪 Vikings · Peru
827
-10
bepbruno14
10:14 Feudal Age
10:26 Loom
11:10 Double-Bit Axe
11:10 Horse Collar
16:21 Champi Runner
17:28 Forging
21:56 Stone Mining
25:25 Castle Age
24:03 Gold Mining
26:57 Wheelbarrow
27:39 Stone Shaft Mining
27:19 Bow Saw
27:22 Heavy Plow
28:02 Gold Shaft Mining
27:39 Squires
29:45 Iron Casting
30:56 Scale Mail Armor
34:27 Chain Mail Armor
34:59 Hand Cart
35:20 Town Watch
38:33 Imperial Age
37:06 Town Patrol
37:49 Champi Warrior
38:15 Arson
39:45 Capped Ram
40:00 Elite Champi Warrior
42:12 Blast Furnace
41:23 Siege Ram
42:47 Elite Kamayuk
44:18 Plate Mail Armor
43:53 Pikeman
44:55 Halberdier
48:33 Sappers
Waldo Magnum
3:10 Loom
10:45 Feudal Age
12:37 Double-Bit Axe
18:01 Fletching
21:35 Castle Age
20:37 Horse Collar
20:49 Gold Mining
21:14 Padded Archer Armor
21:09 Town Watch
21:31 Stone Mining
22:29 Bow Saw
23:40 Wheelbarrow
23:16 Crossbowman
25:39 Heavy Plow
27:27 Leather Archer Armor
27:29 Thumb Ring
28:39 Bodkin Arrow
29:20 Hand Cart
32:02 Ballistics
31:38 Murder Holes
35:53 Imperial Age
36:17 Arbalester
37:01 Bracer
37:31 Ring Archer Armor
38:05 Chemistry
37:10 Siege Engineers
38:32 Paper Money
39:00 Treadmill Crane
39:31 Scale Barding Armor
39:38 Forging
44:45 Squires
46:55 Chain Barding Armor
47:10 Iron Casting
46:32 Light Cavalry
47:24 Bloodlines
48:31 Husbandry
49:36 Cavalier
50:53 Plate Barding Armor
54:32 Two-Man Saw
54:47 Stone Shaft Mining
58:38 Masonry
58:16 Pikeman
59:46 Scale Mail Armor
59:28 Halberdier
65:02 Chain Mail Armor
Fer1024
9:14 Loom
11:00 Feudal Age
18:37 Castle Age
18:57 Pikeman
18:59 Elite Skirmisher
21:37 Squires
22:37 Bloodlines
22:33 Light Cavalry
27:04 Double-Bit Axe
27:03 Horse Collar
27:15 Gold Mining
27:17 Stone Mining
29:20 Husbandry
30:06 Wheelbarrow
29:56 Bow Saw
29:47 Heavy Plow
30:25 Gold Shaft Mining
30:20 Grand Trunk Road
32:40 Stone Shaft Mining
32:23 Caravan
32:55 Forging
34:49 Iron Casting
34:15 Scale Mail Armor
34:50 Ballistics
35:34 Thumb Ring
36:22 Hand Cart
38:02 Chain Mail Armor
37:38 Fletching
37:48 Padded Archer Armor
39:32 Arson
39:52 Bodkin Arrow
40:12 Leather Archer Armor
42:44 Imperial Age
43:51 Conscription
45:01 Chemistry
44:09 Elite Ghulam
45:41 Man-at-Arms
55:48 Heavy Camel Rider
58:24 Blast Furnace
57:30 Scale Barding Armor
57:31 Imperial Camel Rider
60:11 Chain Barding Armor
59:55 Bracer
60:32 Ring Archer Armor
Henzo
12:21 Feudal Age
14:25 Man-at-Arms
16:39 Forging
20:05 Scale Mail Armor
26:03 Loom
30:53 Castle Age
28:37 Horse Collar
28:53 Double-Bit Axe
30:58 Long Swordsman
31:49 Elite Skirmisher
33:26 Bow Saw
34:25 Squires
38:51 Ballistics
39:09 Padded Archer Armor
38:59 Fletching
59:20 Imperial Age
Connection lost

Rejoining the realm…

Still unreachable

The connection could not be restored.

Session expired

The server has moved on; the page needs a fresh start.